 Dungeon Crawl Stone Soup version 0.30.0-11-gf55b779eaf (webtiles) character file.

Game seed: 7104988631286827142

100 retardedninja the Firebug (level 4, 0/32 HPs)
             Began as a Gnoll Fire Elementalist on May 16, 2023.
             Slain by a goblin
             ... wielding a +0 dagger of protection
             ... led by Robin
              (4 damage)
             ... on level 2 of the Dungeon.
             The game lasted 00:02:28 (2344 turns).

retardedninja the Firebug (Gnoll Fire Elementalist) Turns: 2344, Time: 00:02:29

Health: 0/32       AC:  2    Str:  7    XL:     4   Next: 74%
Magic:  6/11       EV: 13    Int: 17    God:
Gold:   70         SH:  0    Dex: 12    Spells: 12/13 levels left

rFire   + .          .
                       - Unarmed
rCold   . . .        (no shield)
rNeg    . . .        a - +0 robe
rPois   .            (no helmet)
rElec   .            (no cloak)
rCorr   .            (no gloves)
SInv    .            (no boots)
Will    .....        (no amulet)
Stlth   +            o - ring of protection from fire
HPRegen 0.25/turn    (no ring)
MPRegen 0.12/turn

%: no passive effects
@: confused, brilliant, ambrosia-drunk
A: fangs 1, strong nose, distributed training
a: no special abilities


You were on level 2 of the Dungeon.
You visited 1 branch of the dungeon, and saw 2 of its levels.

You collected 70 gold pieces.

Inventory:

Armour
 a - a +0 robe (worn)
Jewellery
 o - a ring of protection from fire (left hand)
Scrolls
 c - a scroll of vulnerability {unknown}
 d - a scroll of teleportation {unknown}
 e - 3 scrolls of noise {unknown}
 f - a scroll of torment {unknown}
 j - a scroll of enchant armour {unknown}
 k - a scroll of fog {unknown}
 l - a scroll of blinking {unknown}
 n - a scroll of identify {unknown}
 p - a scroll of enchant weapon {unknown}
Potions
 b - a potion of magic
 g - a potion of cancellation {unknown}
 m - a potion of lignification {unknown}
 q - a potion of might {unknown}


   Skills:
 + Level 1.2 Fighting
 + Level 1.2 Short Blades
 + Level 1.2 Long Blades
 + Level 1.2 Axes
 + Level 1.2 Maces & Flails
 + Level 1.2 Polearms
 + Level 1.2 Staves
 + Level 1.2 Ranged Weapons
 + Level 1.2 Throwing
 + Level 1.2 Armour
 + Level 4.7 Dodging
 + Level 4.3 Stealth
 + Level 1.2 Shields
 + Level 1.2 Unarmed Combat
 + Level 5.1 Spellcasting
 + Level 2.3 Conjurations
 + Level 1.0 Hexes
 + Level 1.0 Summonings
 + Level 1.0 Necromancy
 + Level 1.0 Translocations
 + Level 1.0 Transmutations
 + Level 5.5 Fire Magic
 + Level 1.0 Ice Magic
 + Level 1.0 Air Magic
 + Level 1.0 Earth Magic
 + Level 1.0 Poison Magic
 + Level 1.4 Invocations
 + Level 1.2 Evocations


You had 12 spell levels left.
You knew the following spells:

 Your Spells              Type           Power      Damage    Failure   Level
a - Foxfire               Conj/Fire      100%       2x1d9     2%          1

Your spell library contained the following spells:

 Spells                   Type           Power      Damage    Failure   Level
 Scorch                   Fire           68%        2d8       2%          2
 Inner Flame              Hex/Fire       23%        N/A       11%         3
 Volatile Blastmotes      Fire/Tloc      46%        2d13      11%         3
 Flame Wave               Conj/Fire      26%        2d8       28%         4


Dungeon Overview and Level Annotations

Branches:
Dungeon (2/15)

Altars:
Wu Jian

Annotations:
D:2 Robin


Innate Abilities, Weirdness & Mutations

You have very sharp teeth.
Your uncanny sense of smell can sniff out nearby items.
Your experience applies equally to all skills.


Message History

The goblin no longer looks unusually strong.
The foxfire hits the goblin.
You kill the goblin!
The foxfire hits Robin but does no damage.
Robin is lightly wounded.
The goblin barely misses you.
Casting: Foxfire (safe; 2% risk of failure)
Press: ? - help, Q - select action Dir - look around, f - activate You conjure some foxfire!
Robin barely misses you. The goblin closely misses you.
The foxfire hits Robin but does no damage.
Robin is lightly wounded.
The foxfire hits Robin but does no damage.
Robin is lightly wounded.
Robin barely misses you.
The goblin hits you with a +0 dagger of protection.
Unknown command.
Casting: Foxfire (safe; 2% risk of failure)
Press: ? - help, Q - select action Dir - look around, f - activate You conjure some foxfire!
Robin closely misses you.
The goblin hits you with a +0 dagger of protection.
* * * LOW HITPOINT WARNING * * *
It was a potion of brilliance.
You feel clever all of a sudden.
The foxfire hits Robin but does no damage.
Robin is lightly wounded.
The foxfire hits Robin.
Robin is moderately wounded.
Robin hits you with a +0 mace.
* * * LOW HITPOINT WARNING * * *
The goblin hits you with a +0 dagger of protection.
* * * LOW HITPOINT WARNING * * *
Unknown command.
It was a potion of ambrosia.
You are confused.
You feel invigorated. Robin hits you with a +0 mace.
* * * LOW HITPOINT WARNING * * *
The goblin hits you with a +0 dagger of protection.
You die...

#.###...##.##
########..#....##...
.............##.....
####.#####...##.#...
...#####.####.#..#
.....##..........
#.##.##.####.#...
#..####.##)##.#
#.####
#....)@g......#
#.....
##...g..#.)####
#####> ########)##
#. #g# #. ..# #.
##g# ######. <..
....... #.# .......
.......


You could see Robin and a goblin (strong).

Vanquished Creatures
  Jessica (D:2)
  A gnoll (D:1)
  2 adders (D:2)
  A worm (D:2)
  2 dart slugs
  5 ball pythons
  3 endoplasms
  A giant cockroach (D:1)
  11 goblins
  4 hobgoblins
  A quokka (D:2)
  3 bats
  2 frilled lizards
  3 kobolds
40 creatures vanquished.

Vanquished Creatures (others)
  201 foxfires
201 creatures vanquished.

Grand Total: 241 creatures vanquished

Notes
Turn   | Place    | Note
-------+----------+-------------------------------------------
     0 | D:1      | retardedninja the Gnoll Fire Elementalist began the quest
                  | for the Orb.
     0 | D:1      | Reached XP level 1. HP: 13/13 MP: 6/6
   316 | D:1      | Reached XP level 2. HP: 19/19 MP: 1/7
   906 | D:1      | Reached skill level 5 in Spellcasting
   906 | D:1      | Reached XP level 3. HP: 25/25 MP: 4/9
  1151 | D:1      | Found a faded altar of an unknown god.
  1445 | D:2      | Noticed Jessica
  1458 | D:2      | Reached skill level 1 in Invocations
  1459 | D:2      | Killed Jessica
  1460 | D:2      | Reached skill level 1 in Fighting
  1460 | D:2      | Reached skill level 1 in Short Blades
  1460 | D:2      | Reached skill level 1 in Long Blades
  1460 | D:2      | Reached skill level 1 in Axes
  1460 | D:2      | Reached skill level 1 in Maces & Flails
  1460 | D:2      | Reached skill level 1 in Polearms
  1460 | D:2      | Reached skill level 1 in Staves
  1460 | D:2      | Reached skill level 1 in Ranged Weapons
  1460 | D:2      | Reached skill level 1 in Throwing
  1460 | D:2      | Reached skill level 1 in Armour
  1460 | D:2      | Reached skill level 1 in Shields
  1460 | D:2      | Reached skill level 1 in Unarmed Combat
  1460 | D:2      | Reached skill level 1 in Evocations
  1460 | D:2      | Reached XP level 4. HP: 26/32 MP: 3/11
  1750 | D:2      | Reached skill level 1 in Hexes
  1750 | D:2      | Reached skill level 1 in Summonings
  1750 | D:2      | Reached skill level 1 in Necromancy
  1750 | D:2      | Reached skill level 1 in Translocations
  1750 | D:2      | Reached skill level 1 in Transmutations
  1750 | D:2      | Reached skill level 1 in Ice Magic
  1750 | D:2      | Reached skill level 1 in Air Magic
  1750 | D:2      | Reached skill level 1 in Earth Magic
  1750 | D:2      | Reached skill level 1 in Poison Magic
  2258 | D:2      | Found an ornate altar of the Wu Jian Council.
  2325 | D:2      | Noticed Robin
  2344 | D:2      | Slain by a goblin

Illustrated notes

Levels and vault maps discovered:
D:1:      dpeg_arrival_arbitrary_b, layout_basic, ebering_ecumenical_altar_rust
D:2:      layout_loops_cross, basic_altar, minivault_23, minmay_heptomino_l4,
          uniq_robin, uniq_jessica

Skill      XL: |  1  2  3  4 |
---------------+-------------+-----
Conjurations   | 2 |  2.3
Spellcasting   | 5 |  5.1
Invocations    | 1 |  1.4
Fighting       | 1 |  1.2
Short Blades   | 1 |  1.2
Long Blades    | 1 |  1.2
Axes           | 1 |  1.2
Maces & Flails | 1 |  1.2
Polearms       | 1 |  1.2
Staves         | 1 |  1.2
Ranged Weapons | 1 |  1.2
Throwing       | 1 |  1.2
Armour         | 1 |  1.2
Shields        | 1 |  1.2
Unarmed Combat | 1 |  1.2
Evocations     | 1 |  1.2
Hexes          | 1 |  1.0
Summonings     | 1 |  1.0
Necromancy     | 1 |  1.0
Translocations | 1 |  1.0
Transmutations | 1 |  1.0
Ice Magic      | 1 |  1.0
Air Magic      | 1 |  1.0
Earth Magic    | 1 |  1.0
Poison Magic   | 1 |  1.0
Dodging        | |  4.7
Stealth        | |  4.3
Fire Magic     | |  5.5

Action                     |  1- 3 |  4- 6 || total
---------------------------+-------+-------++-------
  Melee: Unarmed           |       |     1 ||     1
   Cast: Foxfire           |    58 |    67 ||   125
    Use: Potion            |       |     2 ||     2
 Armour: Robe              |     1 |     5 ||     6
  Dodge: Dodged            |     3 |    25 ||    28
